 Dungeon Crawl Stone Soup version 0.30-a0-322-g102857c98e (webtiles) character file.

Game seed: 3994405892491731485

389 hikkokomori the Shooter (level 6, -4/44 (48) HPs)
             Began as a Demigod Hunter on Oct 27, 2022.
             Slain by an iguana (13 damage)
             ... on level 5 of the Dungeon on Oct 28, 2022.
             The game lasted 00:07:19 (3245 turns).

hikkokomori the Shooter (Demigod Hunter)            Turns: 3245, Time: 00:07:20

HP:   -4/44 (48)    AC:  5    Str: 12    XL:     6   Next: 24%
MP:   8/8           EV: 12    Int: 11    God:
Gold: 251           SH:  0    Dex: 25    Spells: 4/5 levels left

rFire   . . .      SeeInvis .    a - +0 shortbow
rCold   + . .      Faith    .    (shield currently unavailable)
rNeg    . . .      Spirit   .    c - +0 leather armour
rPois   .          Reflect  .    (no helmet)
rElec   .          Harm     .    (no cloak)
rCorr   .          Rampage  .    f - +0 pair of gloves
Will    .....      Clarity  +    k - +0 pair of boots
Stlth   ++........               (no amulet)
HPRegen 0.27/turn                q - ring of wizardry
MPRegen 0.11/turn                (no ring)

@: lethally poisoned (-4 -> -6), drained
A: high MP 1, forlorn, divine attributes, clarity, cold resistance 1
a: no special abilities


You were on level 5 of the Dungeon.
You visited 1 branch of the dungeon, and saw 5 of its levels.

You collected 251 gold pieces.

Inventory:

Hand Weapons
 a - a +0 shortbow (weapon)
 s - a +2 spear of venom
Armour
 c - a +0 leather armour (worn)
 f - a +0 pair of gloves (worn)
 k - a +0 pair of boots (worn)
Jewellery
 q - a ring of wizardry (left hand)
 r - a ring of fire
Wands
 i - a wand of iceblast (10)
 p - a wand of paralysis (3)
Scrolls
 b - 4 scrolls of immolation
 g - 2 scrolls of poison
 j - a scroll of enchant weapon {unknown}
 m - a scroll of teleportation {unknown}
Potions
 d - a potion of cancellation {unknown}
 e - 2 potions of might {unknown}
 h - a potion of degeneration {unknown}
 l - a potion of heal wounds {unknown}
 n - a potion of resistance
 o - a potion of attraction {unknown}
 t - a potion of mutation


   Skills:
 - Level 1.9 Fighting
 * Level 7.0 Ranged Weapons
 - Level 2.0 Dodging
 - Level 1.1 Stealth
 + Level 0.2 Necromancy


You had 4 spell levels left.
You knew the following spells:

 Your Spells              Type           Power      Damage    Failure   Level
a - Kiss of Death         Conj/Necr      0%         2d5       17%         1

Your spell library contained the following spells:

 Spells                   Type           Power      Damage    Failure   Level
 Magic Dart               Conj           0%         1d3       17%         1
 Slow                     Hex            0%         N/A       17%         1
 Call Imp                 Summ           0%         N/A       26%         2
 Vampiric Draining        Necr           0%         2d6       43%         3
 Confusing Touch          Hex            0%         N/A       45%         3
 Mephitic Cloud           Conj/Pois/Air  0%         N/A       45%         3
 Dispel Undead            Necr           0%         3d6       82%         4


Dungeon Overview and Level Annotations

Branches:
Dungeon (5/15)
 Temple: D:4-7


Innate Abilities, Weirdness & Mutations

You have an increased reservoir of magic. (+10% MP)
You shall have no god before yourself.
Your divine heritage dramatically boosts your attributes as you level up.
You possess an exceptional clarity of mind.
Your flesh is cold resistant. (rC+)


Message History

There is a stone staircase leading up here.
Sorry, I don't know how to get there.
Found a robe.
t - 2 bubbling white potions You see here a +0 robe.
Found a barding.
Found a scale mail.
You now have 251 gold pieces (gained 6).
Found a whip.
An adder and an iguana come into view.
Found a stone staircase leading up.
Casting: Kiss of Death (safe; 17% risk of failure)
Confirm with . or Enter, or press ? or * to list all spells.
Okay, then.
The iguana hisses angrily.
You shoot an arrow.
The arrow hits the adder but does no damage.
You shoot an arrow. The arrow closely misses the adder.
The adder bites you but does no damage.
You shoot an arrow. The arrow completely misses the adder.
The adder bites you.
You shoot an arrow. The arrow closely misses the adder.
The adder bites you. The adder closely misses you.
You shoot an arrow. The arrow closely misses the iguana.
The iguana bites you! The adder bites you. The iguana bites you!
You are too injured to fight recklessly!
Unknown command.
The iguana attacks as you move away! The iguana bites you.
You see here a staff of conjuration.
It was a potion of mutation.
You feel extremely strange.
You feel resistant to cold.
Your thoughts seem clearer.
The adder bites you but does no damage. The adder bites you.
You are poisoned.
The adder poisons you! The iguana bites you.
* * * LOW HITPOINT WARNING * * *
Fire: a) +0 shortbow
Press: ? - help, Q - select action, (/) - cycle Shift-Dir - straight line, f - adder, p - iguana
Aim: an adder (52% to hit)
You shoot an arrow. The arrow closely misses the adder.
You feel sick. The adder closely misses you. The iguana bites you!
You die...

#### #...##
##.....##
#@.)....#
#######Sl......
#..............
#.######.....##
#.# ....## #.#
.#.## ##.# <#.#
#..# .#.# #.###
.#


You could see an iguana and an adder.

Vanquished Creatures
  2 scorpions (D:4)
  A hound (D:4)
  An orc priest (D:4)
  An iguana (D:4)
  5 adders
  4 gnolls (D:3)
  2 ufetubi (D:4)
  2 dart slugs (D:1)
  4 orcs
  6 endoplasms
  5 giant cockroaches
  8 goblins
  5 hobgoblins
  7 jackals
  2 quokkas
  9 ball pythons
  9 bats
  5 frilled lizards
  4 kobolds
  6 rats
88 creatures vanquished.

Notes
Turn   | Place    | Note
-------+----------+-------------------------------------------
     0 | D:1      | hikkokomori the Demigod Hunter began the quest for the Orb.
     0 | D:1      | Reached XP level 1. HP: 17/17 MP: 3/3
    49 | D:1      | Reached skill level 1 in Stealth
    67 | D:1      | Reached XP level 2. HP: 20/24 MP: 4/4
   128 | D:1      | Reached skill level 4 in Ranged Weapons
   540 | D:2      | Reached XP level 3. HP: 29/29 MP: 5/5
   993 | D:2      | Reached skill level 5 in Ranged Weapons
   997 | D:2      | Reached XP level 4. HP: 36/36 MP: 6/6
  1828 | D:3      | Learned a level 1 spell: Kiss of Death
  1932 | D:3      | HP: 1/36 [gnoll/+0 club (5)]
  2104 | D:4      | Reached XP level 5. HP: 8/41 MP: 7/7
  2278 | D:4      | Reached skill level 6 in Ranged Weapons
  2386 | D:4      | Paralysed by an orc for 5 turns
  2711 | D:4      | Reached skill level 7 in Ranged Weapons
  2711 | D:4      | Reached XP level 6. HP: 37/44 MP: 6/8
  3189 | D:5      | Entered Level 5 of the Dungeon
  3244 | D:5      | Gained mutation: Your flesh is cold resistant. (rC+)
                  | [potion of mutation]
  3244 | D:5      | Gained mutation: You possess an exceptional clarity of
                  | mind. [potion of mutation]
  3245 | D:5      | Slain by an iguana

Illustrated notes

Levels and vault maps discovered:
D:1:      dpeg_arrival_erosion, layout_rooms
D:2:      layout_rooms, minivault_11
D:3:      layout_basic, kennysheep_ying_yang
D:4:      layout_cave_pods
D:5:      layout_loops_ring, lemuel_doored_altar,
          minmay_temple_entry_antechambers, minmay_strange_pillars, uniq_ijyb,
          uniq_crazy_yiuf_cottage

Skill      XL: |  1  2  3  4  5 |
---------------+----------------+-----
Stealth        | 1 |  1.1
Dodging        | 2 |  2.0
Ranged Weapons | 4 5 7 |  7.0
Fighting       | |  1.9
Necromancy     | |  0.2

Action                   |  1- 3 |  4- 6 || total
-------------------------+-------+-------++-------
Melee: Spear             |       |     7 ||     7
 Fire: Shortbow          |   123 |   119 ||   242
 Cast: Kiss of Death     |       |     2 ||     2
Evoke: Wand              |       |     2 ||     2
  Use: Scroll            |     1 |     3 ||     4
       Potion            |       |     4 ||     4
Armor: Leather armour    |    28 |    30 ||    58
Dodge: Dodged            |    74 |    61 ||   135

Table legend: (Time is in decaauts)
 A = Elapsed time spent in this place.
 B = Non-inter-level travel time spent in this place.
 C = Inter-level travel time spent in this place.
 D = Time resting spent in this place.
 E = Time spent auto-exploring this place.
 F = Levels seen in this place.
 G = Mean time per level.
                   A        B        C        D        E       F      G
               +--------+--------+--------+--------+--------+-----+--------+
         Total |   3316 |   3152 |    164 |    441 |   2154 |   5 |  663.2 |
       Dungeon |   3316 |   3152 |    164 |    441 |   2154 |   5 |  663.2 |
               +--------+--------+--------+--------+--------+-----+--------+

Top non-repeatable levels by time:
     D:4: 1177 daAuts
     D:3: 969 daAuts
     D:1: 713 daAuts
     D:2: 399 daAuts
     D:5: 56 daAuts
